AoeStats
← theclaydude

Lombardia

510230585Analyzed
2v2 RM · 2d ago on Sep 30, 2026· 66m 27s· 4 players
Game mode
Random Map
Map size
Medium (4 player)
Population
200
Speed
Normal
Resources
Standard
Victory
Conquest
Starting age
Dark Age
Ending age
Imperial Age
RankedLock teamsTeams togetherTeam positionsShared explorationLock speedFull tech treeHidden civsTurbo modeCheats
Victory
Defeat
🇺🇸 Saxons · United States
1099
+15
🇺🇸 Saxons · United States
1091
+15
🇺🇸 Bohemians · United States
1092
-16
🇺🇸 Varangians · United States
1042
-14
Phoenixmatthew
11:13 Feudal Age
9:37 Loom
14:54 Castle Age
13:28 Double-Bit Axe
13:57 Horse Collar
15:48 Bow Saw
15:41 Heavy Plow
19:45 Wheelbarrow
19:50 Stone Mining
25:25 Hand Cart
27:26 Hand Cart
28:11 Scale Barding Armor
29:08 Gold Mining
29:55 Stone Shaft Mining
30:59 Chain Barding Armor
30:52 Forging
33:34 Imperial Age
33:13 Iron Casting
34:48 Conscription
33:49 Elite Jarl
36:03 Two-Man Saw
35:41 Crop Rotation
36:28 Plate Barding Armor
36:07 Murder Holes
35:53 Treadmill Crane
36:21 Siege Engineers
36:40 Ballistics
37:52 Blast Furnace
39:11 Bloodlines
39:02 Husbandry
38:23 Light Cavalry
41:21 Hussar
47:46 Squires
47:31 Gambesons
48:23 Fletching
48:33 Padded Archer Armor
48:38 Elite Skirmisher
50:08 Bodkin Arrow
50:29 Leather Archer Armor
51:48 Bracer
52:18 Ring Archer Armor
60:56 Cavalier
62:36 Cavalier
theclaydude
9:43 Loom
11:28 Feudal Age
18:04 Castle Age
18:04 Double-Bit Axe
19:41 Horse Collar
20:49 Bow Saw
23:51 Wheelbarrow
24:21 Heavy Plow
24:36 Squires
24:34 Pikeman
27:24 Town Watch
28:44 Scale Mail Armor
29:19 Ballistics
31:23 Hand Cart
31:11 Town Patrol
34:19 Imperial Age
32:48 Town Patrol
33:29 Forging
34:56 Chemistry
34:21 Arson
35:15 Iron Casting
34:56 Chain Mail Armor
36:18 Caravan
35:52 Halberdier
37:37 Houfnice
39:40 Plate Mail Armor
48:43 Blast Furnace
52:24 Two-Man Saw
52:53 Siege Engineers
62:56 Elite Skirmisher
63:49 Fletching
Codeman
10:36 Feudal Age
9:17 Loom
11:09 Double-Bit Axe
15:58 Castle Age
15:19 Horse Collar
16:57 Pikeman
24:23 Bow Saw
24:38 Forging
24:20 Fletching
27:08 Wheelbarrow
26:35 Stone Mining
26:38 Gold Mining
26:56 Squires
27:34 Scale Mail Armor
27:45 Forging
28:06 Murder Holes
28:28 Heavy Plow
31:37 Imperial Age
30:58 Hand Cart
31:13 Redemption
32:52 Gold Shaft Mining
32:35 Block Printing
32:46 Sanctity
33:07 Theocracy
33:00 Illumination
32:58 Clerical Recruitment
33:01 Shield Wall
33:22 Elite Varangian Guard
33:59 Town Watch
34:10 Clerical Recruitment
35:01 Shield Wall
35:17 Elite Varangian Guard
37:51 Chain Mail Armor
37:32 Bodkin Arrow
38:12 Iron Casting
41:05 Plate Mail Armor
40:36 Bracer
49:45 Caravan
49:59 Padded Archer Armor
53:02 Arson
54:16 Pikeman
63:27 Siege Engineers
64:23 Chemistry
63:44 Ballistics
63:33 Town Patrol
65:07 Conscription
Cammac
10:03 Feudal Age
11:03 Double-Bit Axe
12:40 Horse Collar
14:55 Fletching
15:06 Padded Archer Armor
20:00 Castle Age
19:16 Wheelbarrow
18:27 Loom
18:30 Town Watch
19:03 Gold Mining
19:04 Stone Mining
20:47 Crossbowman
21:48 Bow Saw
21:48 Heavy Plow
22:21 Squires
22:07 Arson
23:12 Gold Shaft Mining
23:55 Fletching
31:01 Ballistics
32:20 Thumb Ring
31:52 Elite Skirmisher
32:45 Treadmill Crane
36:34 Imperial Age
35:55 Bodkin Arrow
36:00 Padded Archer Armor
36:13 Forging
36:03 Scale Mail Armor
36:21 Hand Cart
36:06 Town Patrol
36:55 Arbalester
36:58 Elite Varangian Guard
39:51 Conscription
38:53 Shield Wall
38:54 Elite Hearth Troop
41:15 Chemistry
40:17 Bracer
50:07 Two-Man Saw
50:11 Caravan
54:24 Leather Archer Armor
63:41 Iron Casting
63:22 Chain Mail Armor
63:37 Ring Archer Armor
Connection lost

Rejoining the realm…

Still unreachable

The connection could not be restored.

Session expired

The server has moved on; the page needs a fresh start.